 Dungeon Crawl Stone Soup version 0.31-a0-818-ge7c7cf74f0 (webtiles) character file.

Game seed: 1204340303447191537

322538 Essalna the Warrior (level 20, -1/170 HPs)
             Began as a Demonspawn Conjurer on Sept 23, 2023.
             Was the Champion of Vehumet.
             Slain by a spriggan defender
             ... wielding a +0 lajatang of speed
              (10 damage)
             ... on level 3 of the Depths.
             The game lasted 03:02:35 (68365 turns).

Essalna the Warrior (Demonspawn Conjurer)          Turns: 68365, Time: 03:02:36

Health: -1/170     AC: 18    Str: 14    XL:     20   Next: 67%
Magic:  15/54      EV: 18    Int: 30    God:    Vehumet [******]
Gold:   2551       SH: 13    Dex: 13    Spells: 10/43 levels left

rFire   + + +        h - staff of cold
rCold   + + +        J - +2 buckler {rF+}
rNeg    . . .        n - +2 robe {rC+ rF+}
rPois   .            O - +0 helmet "Deypn" {MP+9 Str+2 Int+3}
rElec   +            a - scarf {rC+ rF+}
rCorr   +            D - +1 pair of gloves
SInv    .            R - +1 pair of boots {Fly}
Will    +....        T - amulet "Ofeih" {rElec rF++ Regen+ rCorr Str+4}
Stlth   ++           x - +4 ring of protection
HPRegen 1.28/turn    C - ring of magical power
MPRegen 0.34/turn

%: repel missiles
@: flying, slowed, very slow
A: claws 2, repulsion field 3, icemail 1, powered by death 3, condensation
shield
}: 2/15 runes: serpentine, barnacled
a: Renounce Religion


You were on level 3 of the Depths.
You worshipped Vehumet.
Vehumet was exalted by your worship.
You visited 8 branches of the dungeon, and saw 37 of its levels.
You also visited: Sewer, Bailey and Ice Cave.

You collected 4499 gold pieces.
You spent 1948 gold pieces at shops.

Inventory:

Hand Weapons
 W - the +7 short sword "Rulown" {elec, *Corrode +Blink rF+ Int+3}
   (You bought it in a shop on level 2 of the Orcish Mines)

   Int+3:     It affects your intelligence (+3).
   rF+:       It protects you from fire.
   +Blink:    It lets you blink.
   *Corrode:  It may corrode you when you take damage.
Armour
 a - a scarf of resistance (worn)
 n - a +2 robe of resistance (worn)
 t - a +0 kite shield of reflection
 u - a +2 robe of willpower
 D - a +1 pair of gloves (worn)
 J - a +2 buckler of fire resistance (worn)
 O - the +0 helmet "Deypn" (worn) {MP+9 Str+2 Int+3}
   (You found it in a bailey)

   Str+2:     It affects your strength (+2).
   Int+3:     It affects your intelligence (+3).
   MP+9:      It affects your magic capacity (+9).
 R - a +1 pair of boots of flying (worn)
Magical Staves
 h - a staff of cold (weapon)
 U - a staff of conjuration
Jewellery
 x - a +4 ring of protection (left hand)
 C - a ring of magical power (right hand)
 G - an amulet of reflection
 I - an amulet of magic regeneration
 N - a ring of see invisible
 S - the amulet "Kacyelot" {RegenMP Str+3}
   (You took it off a deep elf demonologist on level 3 of the Elven Halls)

   [amulet of magic regeneration]

   RegenMP:   It increases your rate of magic regeneration.
   Str+3:     It affects your strength (+3).
 T - the amulet "Ofeih" (around neck) {rElec rF++ Regen+ rCorr Str+4}
   (You bought it in a shop on level 1 of the Depths)

   [amulet of regeneration]

   Str+4:     It affects your strength (+4).
   rF++:      It greatly protects you from fire.
   rElec:     It insulates you from electricity.
   Regen+:    It increases your rate of health regeneration.
   rCorr:     It protects you from acid and corrosion.
Wands
 d - a wand of paralysis (3)
 e - a wand of digging (10)
 K - a wand of mindburst (16)
 V - a wand of roots (38)
Scrolls
 c - 7 scrolls of enchant weapon
 j - 8 scrolls of teleportation
 k - 3 scrolls of silence
 l - 2 scrolls of revelation
 m - 4 scrolls of blinking
 s - 4 scrolls of fog
 y - 2 scrolls of amnesia
 z - 17 scrolls of identify
 B - a scroll of summoning
 F - 2 scrolls of fear
 L - 2 scrolls of brand weapon
 M - 4 scrolls of vulnerability
 P - 4 scrolls of enchant armour
 Q - 2 scrolls of immolation
 Z - 4 scrolls of poison
Potions
 b - 3 potions of magic
 g - 6 potions of mutation
 i - 2 potions of berserk rage
 o - 6 potions of might
 p - 7 potions of brilliance
 q - 7 potions of cancellation
 r - 2 potions of resistance
 v - a potion of invisibility
 w - 7 potions of enlightenment
 A - 3 potions of haste
 E - 15 potions of curing
 H - 2 potions of heal wounds
 X - 8 potions of attraction
 Y - 4 potions of lignification
Miscellaneous
 f - a phantom mirror


   Skills:
 - Level 18.0 Fighting
 - Level 6.0 Armour
 - Level 6.0 Dodging
 - Level 1.7 Stealth
 + Level 14.4 Shields
 - Level 12.0 Spellcasting
 - Level 12.0 Conjurations
 - Level 6.0 Hexes
 + Level 17.2 Fire Magic
 - Level 14.0 Ice Magic


You had 10 spell levels left.
You knew the following spells:

 Your Spells              Type           Power      Damage    Failure   Level
a - Magic Dart            Conj           100%       1d8       0%          1
b - Searing Ray           Conj           100%       2d8       1%          2
c - Freezing Cloud        Conj/Ice/Air   40%        6-21      1%          5
d - Ozocubu's Refrigerat  Ice            50%        4d18      2%          7
e - Fireball              Conj/Fire      40%        3d16      1%          5
f - Iskenderun's Battles  Conj           74%        2d12      1%          5
g - Ignition              Fire           44%        3d13      5%          8

Your spell library contained the following spells:

 Spells                   Type           Power      Damage    Failure   Level
 Maxwell's Capacitive Co  Air            9%         ∞         100%        8
 Freeze                   Ice            100%       1d10      0%          1
 Shock                    Conj/Air       100%       1d9       1%          1
 Ensorcelled Hibernation  Hex/Ice        100%       N/A       1%          2
 Jinxbite                 Hex            100%       N/A       1%          2
 Poisonous Vapours        Pois/Air       36%        N/A       1%          2
 Dazzling Flash           Conj/Hex       100%       N/A       1%          3
 Frozen Ramparts          Ice            100%       1d16      1%          3
 Hailstorm                Conj/Ice       97%        3d19      1%          3
 Ignite Poison            Fire/Tmut/Pois 51%        N/A       1%          3
 Inner Flame              Hex/Fire       73%        N/A       1%          3
 Mephitic Cloud           Conj/Pois/Air  42%        N/A       1%          3
 Ozocubu's Armour         Ice            100%       N/A       1%          3
 Stone Arrow              Conj/Erth      100%       3d13      1%          3
 Tukima's Dance           Hex            52%        N/A       1%          3
 Volatile Blastmotes      Fire/Tloc      100%       2d18      1%          3
 Brom's Barrelling Bould  Conj/Erth      52%        2d7       1%          4
 Flame Wave               Conj/Fire      81%        2d18      1%          4
 Fulminant Prism          Conj/Hex       32%        3d16      1%          4
 Iskenderun's Mystic Bla  Conj/Tloc      52%        2d11      1%          4
 Sticky Flame             Conj/Fire      81%        2d9       1%          4
 Summon Ice Beast         Ice/Summ       74%        N/A       1%          4
 Metabolic Englaciation   Hex/Ice        43%        N/A       1%          5
 Cause Fear               Hex            26%        N/A       2%          4
 Irradiate                Conj/Tmut      26%        3d20      2%          5
 Apportation              Tloc           36%        N/A       3%          1
 Necrotise                Necr           72%        1d7       3%          1
 Sting                    Tmut/Pois      72%        1d6       3%          1
 Blink                    Tloc           36%        N/A       4%          2
 Call Imp                 Summ           36%        N/A       4%          2
 Cigotuvi's Dreadful Rot  Necr/Pois/Air  36%        N/A       4%          2
 Lesser Beckoning         Tloc           36%        N/A       4%          2
 Passwall                 Tmut/Erth      15%        N/A       4%          2
 Orb of Destruction       Conj           37%        9d11      5%          7
 Yara's Violent Unravell  Hex/Tmut       18%        3d9       7%          5
 Airstrike                Air            9%         2d(2-18)  9%          4
 Olgreb's Toxic Radiance  Pois           18%        N/A       9%          4
 Gell's Gravitas          Tloc           18%        N/A       10%         3
 Swiftness                Air            18%        N/A       10%         3
 Teleport Other           Tloc           18%        N/A       10%         3
 Vampiric Draining        Necr           18%        2d7       10%         3
 Leda's Liquefaction      Hex/Erth       18%        N/A       10%         4
 Bombard                  Conj/Erth      26%        9d5       11%         6
 Conjure Ball Lightning   Conj/Air       26%        3x3d7     11%         6
 Lee's Rapid Deconstruct  Erth           9%         3d7*      22%         5
 Silence                  Hex/Air        18%        N/A       26%         5
 Summon Mana Viper        Hex/Summ       36%        N/A       26%         5
 Simulacrum               Ice/Necr       37%        N/A       28%         6
 Animate Armour           Summ/Erth      36%        N/A       32%         4
 Animate Dead             Necr           18%        N/A       32%         4
 Dispel Undead            Necr           18%        3d11      32%         4
 Manifold Assault         Tloc           18%        N/A       32%         4
 Petrify                  Tmut/Erth      18%        N/A       32%         4
 Agony                    Necr           18%        N/A       65%         5
 Alistair's Intoxication  Tmut/Pois      12%        N/A       65%         5
 Borgnjor's Vile Clutch   Necr/Erth      9%         N/A       65%         5
 Summon Forest            Summ/Tloc      9%         N/A       65%         5
 Fire Storm               Conj/Fire      40%        8d10      87%         9
 Polar Vortex             Ice            50%        12d6*     92%         9
 Lehudib's Crystal Spear  Conj/Erth      26%        10d7      98%         8
 Death Channel            Necr           9%         N/A       99%         6
 Summon Cactus Giant      Summ           9%         N/A       99%         6
 Malign Gateway           Summ/Tloc      9%         N/A       100%        7
 Discord                  Hex            26%        N/A       100%        8
 Chain Lightning          Conj/Air       26%        3d34      100%        9
 Death's Door             Necr           9%         N/A       100%        9
 Dragon's Call            Summ           9%         N/A       100%        9
 Shatter                  Erth           9%         3d11*     100%        9


Dungeon Overview and Level Annotations

Branches:
Dungeon (15/15)            Temple (1/1) D:7            Lair (5/5) D:8
 Shoals (4/4) Lair:3        Snake (4/4) Lair:2        Slime (0/5) Lair:4
    Orc (2/2) D:11            Elf (3/3) Orc:2        Vaults (0/5) D:14
 Depths (3/4) D:15          Sewer (visited)          Bailey (visited)
  IceCv (visited)

Altars:
Ashenzari
Cheibriados
Dithmenos
Fedhas
Gozag
Hepliaklqana
Kikubaaqudgha
Makhleb
Nemelex Xobeh
Okawaru
Qazlal
Ru
Sif Muna
Trog
Uskayaw
Vehumet
Wu Jian
Xom
Yredelemnul

Shops:
D:1 (   Orc:2 (!=[   Elf:1 (   Elf:2 [   Elf:3 (   Snake:3 ?!*(:   Depths:1 ==:

Portals:
Hell: Depths:1 Depths:3
Ziggurat: Depths:1

Annotations:
Shoals:3 Roxanne
Elf:2 6 transporters


Innate Abilities, Weirdness & Mutations

You have very sharp fingernails.
You are surrounded by a strong repulsion field. (EV +4, RMsl)
A meltable icy envelope protects you from harm. (AC +4)
You regenerate a lot of health from kills.
A meltable shield of frost defends you. (SH +4)


Message History

* * * LOW HITPOINT WARNING * * *
The spriggan defender closely misses you.
The searing ray hits the spriggan defender.
The spriggan defender is moderately wounded.
Your battlesphere fires!
The barrage of energy hits the spriggan defender!
The spriggan defender is heavily wounded.
The spriggan defender completely misses you.
You block the spriggan defender's attack.
The spriggan defender hits you with a +0 lajatang of speed.
* * * LOW HITPOINT WARNING * * *
You block the spriggan defender's attack.
The searing ray misses the spriggan defender.
Your battlesphere fires!
The barrage of energy hits the spriggan defender!
The spriggan defender is heavily wounded.
The spriggan defender hits you with a +0 lajatang of speed!
* * * LOW HITPOINT WARNING * * *
The spriggan defender hits you with a +0 lajatang of speed!
* * * LOW HITPOINT WARNING * * *
The spriggan defender misses you.
The searing ray misses the spriggan defender.
You finish channelling your searing ray.
Your battlesphere fires!
The barrage of energy hits the spriggan defender!
The spriggan defender is severely wounded.
You block the spriggan defender's attack.
The spriggan defender barely misses you.
The spriggan defender hits you with a +0 lajatang of speed!!
* * * LOW HITPOINT WARNING * * *
You block the spriggan defender's attack.
You feel much better.
The spriggan defender hits you with a +0 lajatang of speed!!
* * * LOW HITPOINT WARNING * * *
You block the spriggan defender's attack. x2
You feel much better.
The spriggan defender hits you with a +0 lajatang of speed!!
* * * LOW HITPOINT WARNING * * *
The spriggan defender hits you with a +0 lajatang of speed!
You die...

#♣♣♣♣.#
#.....#
#.♣♣♣♣#
#....|#
#♣♣♣♣.#
♣...#
##∩###
##...##
#...i@#
#>..†.#
#....<#
##.*.##
##∩##
... .♣♣
#.


You could see a spriggan defender (ally target) and a friendly battlesphere.

Vanquished Creatures
  Sojobo (Depths:1)
  Bai Suzhen (Shoals:3)
  Saint Roka (Orc:2)
  Nikola (Shoals:3)
  A walking crystal tome (Depths:3)
  A sphinx (Depths:3)
  2 deep elf master archers (Elf:3)
  2 deep elf blademasters (Elf:3)
  A kraken (Shoals:1)
  Frances (Snake:2)
  Agnes (Elf:2)
  2 tengu reavers (Depths:1)
  Aizul (Snake:2)
  Donald (Elf:3)
  Ilsuiw (Shoals:3)
  5 nagarajas
  A fire giant (Depths:2)
  4 deep elf sorcerers
  5 deep elf elementalists (Elf:3)
  A balrug (Depths:3)
  10 very ugly things
  An orc warlord (Orc:2)
  A formless jellyfish (Shoals:4)
  A cacodemon (Depths:2)
  A quicksilver ooze (shapeshifter) (Elf:1)
  A caustic shrike skeleton (Depths:1)
  9 deep elf annihilators
  6 deep elf demonologists
  4 deep elf death magi (Elf:3)
  2 ettins (Depths:1)
  8 merfolk javelineers
  8 merfolk impalers
  2 fire dragons (Depths:1)
  Josephine (Lair:3)
  A deep elf high priest (Elf:3)
  A vault guard (D:14)
  Harold (D:10)
  7 ice dragons
  5 rakshasas
  4 spriggan air magi
  2 salamander tyrants (Snake:4)
  2 ogre magi
  3 catoblepae
  A hell beast (Depths:3)
  6 hydras
  5 centaur warriors
  Erica (D:10)
  2 boulder beetles (D:13)
  18 anacondas
  11 two-headed ogres
  3 merfolk avatars
  25 dancing weapons
  4 merfolk aquamancers (Shoals:4)
  4 deep troll shamans
  14 naga warriors
  2 satyrs
  A deep troll earth mage (Depths:3)
  8 tengu warriors
  A vampire mage (Depths:3)
  4 orc high priests (Orc:2)
  2 death yaks
  6 shock serpents
  2 spriggan berserkers (Depths:3)
  11 naga sharpshooters
  A soul eater (Depths:3)
  5 hell knights (Depths:3)
  5 sun demons
  28 deep elf knights
  A sixfirhy (Depths:1)
  6 skeletal warriors
  Nergalle (Lair:2)
  2 iron trolls (Depths:3)
  4 skysharks
  Amaemon (D:10)
  A spark wasp zombie (Depths:1)
  A salamander mystic (Snake:4)
  2 glowing orange brains
  18 sea snakes
  2 sun moths (Shoals:4)
  5 deep trolls
  5 wizards
  2 naga ritualists (Snake:4)
  18 deep elf archers
  A flayed ghost (D:15)
  29 deep elf pyromancers
  3 mana vipers
  38 deep elf zephyrmancers
  A wolf spider (Lair:5)
  5 orc sorcerers
  7 necromancers
  5 orc knights
  22 ugly things
  A fire giant zombie (D:15)
  5 cyclopes
  A stone giant zombie (D:15)
  A frost giant skeleton (Depths:1)
  11 manticores
  9 salamanders
  6 fauns
  29 black mambas
  An ice statue (IceCv)
  12 elephants
  10 merfolk sirens
  9 guardian serpents
  12 naga magi
  A fire giant skeleton (D:15)
  2 water nymphs
  A torpor snail (Lair:2)
  A rust devil (Depths:2)
  24 cane toads
  A gargoyle (D:14)
  An orange demon (D:10)
  Psyche (D:10)
  10 komodo dragons
  2 kobold demonologists
  An efreet (D:15)
  4 freezing wraiths
  5 tengu conjurers
  2 anaconda simulacra (IceCv)
  12 ice devils (IceCv)
  5 rime drakes
  A yaktaur (D:14)
  A queen bee (shapeshifter) (Elf:1)
  A guardian mummy (D:15)
  5 trolls
  18 merfolk
  5 hornets
  A polar bear (shapeshifter) (Elf:1)
  8 polar bears
  A wind drake (shapeshifter) (Depths:1)
  6 blink frogs
  8 wind drakes
  A blink frog (shapeshifter) (D:15)
  A spriggan zombie (D:15)
  17 dream sheep
  13 snapping turtles
  2 shadows
  An ettin skeleton (Depths:1)
  A spriggan (shapeshifter) (D:14)
  19 slime creatures
  2 spriggans (Depths:3)
  5 air elementals
  8 wraiths
  A fire bat (shapeshifter) (D:14)
  13 water elementals
  16 wyverns
  A dire elephant simulacrum (IceCv)
  49 yaks
  4 fire elementals
  4 redbacks
  5 basilisks
  A steam dragon (D:9)
  14 vampire mosquitoes
  4 death yak simulacra (IceCv)
  2 harpy simulacra (IceCv)
  5 wargs
  32 nagas
  23 water moccasins
  A hydra simulacrum (IceCv)
  Duvessa (D:5)
  2 floating eyes (Elf:1)
  51 orc warriors
  An ice beast (D:7)
  A sky beast (D:7)
  7 black bears
  15 ogres
  9 wolves
  13 centaurs
  2 phantoms
  2 kobold brigands
  Blork the orc (D:5)
  14 bullfrogs
  3 earth elementals (Elf:1)
  2 gnoll sergeants
  2 scorpions (D:5)
  3 cane toad simulacra (IceCv)
  3 wights (D:8)
  Dowan (D:5)
  5 elephant simulacra (IceCv)
  9 killer bees
  2 howler monkeys
  A crimson imp (D:9)
  9 jellies
  A bullfrog zombie (D:4)
  3 hounds
  36 orc priests
  2 gnoll boudas
  A scorpion zombie (D:4)
  2 sleepcaps
  An iguana (D:5)
  20 orc wizards
  4 polar bear simulacra (IceCv)
  2 spriggan simulacra (IceCv)
  4 wolf simulacra (IceCv)
  3 hound zombies (D:4)
  18 gnolls
  3 adders
  A naga simulacrum (IceCv)
  A shadow imp (D:7)
  15 white imps
  2 ufetubi
  An adder skeleton (D:4)
  2 adder zombies (D:4)
  A worm (D:2)
  114 orcs
  8 endoplasms
  6 giant cockroaches (D:3)
  4 hobgoblins
  4 jackals (D:4)
  4 quokkas
  9 ball pythons
  16 bats
  4 frilled lizards
  20 goblins
  34 kobolds
  2 quokka zombies (D:4)
  6 rats
  2 tentacles (Shoals:1)
1460 creatures vanquished.

Vanquished Creatures (others)
  A water elemental (Shoals:4)
  136 fulminant prisms
  2 tentacles (Shoals:1)
139 creatures vanquished.

Grand Total: 1599 creatures vanquished

Notes
Turn   | Place    | Note
-------+----------+-------------------------------------------
     0 | D:1      | Essalna the Demonspawn Conjurer began the quest for the
                  | Orb.
     0 | D:1      | Reached XP level 1. HP: 13/13 MP: 3/3
    75 | D:1      | Found Wujea's Weapon Boutique.
   326 | D:1      | Gained mutation: You are surrounded by a mild repulsion
                  | field. (EV +2) [demonic ancestry]
   326 | D:1      | Reached XP level 2. HP: 19/19 MP: 1/5
  1150 | D:2      | Reached XP level 3. HP: 20/24 MP: 0/7
  2136 | D:3      | Found a glowing drain.
  2154 | Sewer    | Entered a sewer
  2636 | D:3      | Gained mutation: You regenerate a little health from kills.
                  | [demonic ancestry]
  2636 | D:3      | Reached XP level 4. HP: 30/30 MP: 6/8
  2894 | D:3      | Reached skill level 5 in Conjurations
  2913 | D:3      | Learned a level 2 spell: Searing Ray
  3798 | D:4      | Found an opulent altar of Gozag.
  3898 | D:4      | Noticed an ogre
  3903 | D:4      | Killed an ogre
  3904 | D:4      | Gained mutation: A meltable shield of frost defends you.
                  | (SH +4) [demonic ancestry]
  3904 | D:4      | Reached XP level 5. HP: 35/35 MP: 4/11
  4176 | D:4      | Found a blossoming altar of Fedhas.
  4193 | D:4      | Noticed an ogre
  4204 | D:4      | Killed an ogre
  4205 | D:4      | Gained mutation: A meltable icy envelope protects you from
                  | harm. (AC +4) [demonic ancestry]
  4205 | D:4      | Reached XP level 6. HP: 41/41 MP: 2/12
  4662 | D:4      | Reached skill level 5 in Spellcasting
  4847 | D:4      | Gained mutation: You are surrounded by a moderate repulsion
                  | field. (EV +3) [demonic ancestry]
  4847 | D:4      | Reached XP level 7. HP: 46/46 MP: 9/14
  5009 | D:5      | Entered Level 5 of the Dungeon
  5059 | D:5      | Learned a level 4 spell: Fulminant Prism
  5070 | D:5      | Noticed Duvessa
  5070 | D:5      | Noticed Dowan
  5115 | D:5      | Reached skill level 1 in Fighting
  5115 | D:5      | Reached skill level 1 in Hexes
  5149 | D:5      | Noticed Blork the orc
  5153 | D:5      | Killed Blork the orc
  5237 | D:5      | Killed Dowan
  5240 | D:5      | Killed Duvessa
  5241 | D:5      | Reached skill level 2 in Fighting
  5382 | D:5      | Reached XP level 8. HP: 54/57 MP: 1/15
  5529 | D:5      | Reached skill level 3 in Fighting
  5960 | D:5      | Found a shadowy altar of Dithmenos.
  5965 | D:5      | Reached skill level 4 in Fighting
  6634 | D:6      | Found a broken altar of Ashenzari.
  6634 | D:6      | Found a shimmering altar of Xom.
  6981 | D:6      | Found the necklace of Bloodlust {Fury *Rage Will++ Int-3
                  | Slay+6}
  7220 | D:6      | Reached XP level 9. HP: 67/67 MP: 8/16
  7499 | D:7      | Reached skill level 5 in Fighting
  7499 | D:7      | Reached skill level 5 in Hexes
  7813 | D:7      | Found a staircase to the Ecumenical Temple.
  7830 | Temple   | Entered the Ecumenical Temple
  8096 | D:7      | Paralysed by a hornet for 2 turns
  8100 | D:7      | Reached skill level 6 in Fighting
  9276 | D:8      | Found a staircase to the Lair.
  9356 | D:8      | Reached skill level 7 in Fighting
  9534 | D:8      | Found a basalt altar of Yredelemnul.
  9536 | D:8      | Noticed a profane servitor
  9605 | D:8      | Reached skill level 10 in Conjurations
  9913 | D:8      | Noticed an angel
  9958 | Lair:1   | Entered Level 1 of the Lair of Beasts
  9958 | Lair:1   | Noticed a black mamba
  9965 | Lair:1   | Killed a black mamba
  9966 | Lair:1   | Reached XP level 10. HP: 57/79 MP: 8/17
 10064 | Lair:1   | Noticed a cane toad
 10077 | D:8      | Killed a cane toad
 10174 | Lair:1   | Noticed a cane toad
 10194 | D:8      | Killed a cane toad
 10195 | D:8      | Reached skill level 8 in Fighting
 10589 | Lair:1   | Noticed a cane toad
 10589 | Lair:1   | Noticed a cane toad
 10597 | Lair:1   | Killed a cane toad
 10597 | Lair:1   | Killed a cane toad
 10763 | Lair:1   | Learned a level 7 spell: Ozocubu's Refrigeration
 10786 | Lair:1   | Noticed a cane toad
 10796 | Lair:1   | Killed a cane toad
 10875 | Lair:1   | Identified the +3 war axe of Drought {antimagic, Drain
                  | rN+++ rCorr SInv}
 10915 | Lair:1   | Reached skill level 1 in Armour
 10915 | Lair:1   | Reached skill level 1 in Ice Magic
 10965 | Lair:1   | Reached skill level 9 in Fighting
 11633 | Lair:2   | Noticed a black mamba
 11641 | Lair:1   | Killed a black mamba
 11642 | Lair:1   | Gained mutation: You regenerate health from kills. [demonic
                  | ancestry]
 11642 | Lair:1   | Reached XP level 11. HP: 68/89 MP: 10/18
 11838 | Lair:2   | Noticed a four-headed hydra
 11842 | Lair:2   | Noticed Nergalle
 12546 | D:9      | Noticed a two-headed ogre
 12596 | D:9      | Found a radiant altar of Vehumet.
 12600 | D:9      | Became a worshipper of Vehumet
 13437 | D:9      | Noticed a wizard
 13446 | D:9      | Killed a wizard
 13783 | Lair:2   | Killed Nergalle
 13784 | Lair:2   | Reached skill level 10 in Fighting
 14262 | Lair:1   | Reached skill level 5 in Dodging
 14491 | Lair:2   | Reached * piety under Vehumet
 14491 | Lair:2   | Offered knowledge of Shock by Vehumet.
 14783 | Lair:1   | Reached skill level 5 in Armour
 14783 | Lair:1   | Reached skill level 5 in Ice Magic
 15486 | Lair:2   | Found a staircase to the Snake Pit.
 15498 | Lair:2   | Killed a four-headed hydra
 15499 | Lair:2   | Reached skill level 11 in Fighting
 15499 | Lair:2   | Gained mutation: You regenerate a lot of health from kills.
                  | [demonic ancestry]
 15499 | Lair:2   | Reached XP level 12. HP: 100/100 MP: 6/19
 15524 | Lair:2   | Noticed a five-headed hydra
 17153 | Lair:2   | Killed a five-headed hydra
 17652 | Lair:3   | Reached skill level 12 in Fighting
 17902 | Lair:3   | Noticed Josephine
 17974 | Lair:3   | Killed Josephine
 18177 | Lair:3   | Noticed a five-headed hydra
 18329 | Lair:3   | Found a staircase to the Shoals.
 18558 | Lair:3   | Killed a five-headed hydra
 18605 | Lair:3   | Offered knowledge of Poisonous Vapours by Vehumet.
 18735 | Lair:3   | Reached ** piety under Vehumet
 18890 | Lair:4   | Noticed a seven-headed hydra
 18897 | Lair:4   | Reached skill level 13 in Fighting
 18900 | Lair:4   | Killed a seven-headed hydra
 19113 | Lair:4   | Reached XP level 13. HP: 77/111 MP: 7/20
 19242 | Lair:4   | Found an iron altar of Okawaru.
 20330 | Lair:4   | Found a staircase to the Slime Pits.
 20440 | Lair:3   | Offered knowledge of Hailstorm by Vehumet.
 21164 | Lair:3   | Reached skill level 10 in Ice Magic
 21864 | Lair:4   | Reached skill level 14 in Fighting
 21997 | Lair:5   | Entered Level 5 of the Lair of Beasts
 22083 | Lair:4   | Reached *** piety under Vehumet
 22427 | Lair:5   | Offered knowledge of Airstrike by Vehumet.
 23954 | Lair:5   | Reached **** piety under Vehumet
 24254 | Lair:5   | Offered knowledge of Brom's Barrelling Boulder by Vehumet.
 25128 | Lair:5   | Gained mutation: You have sharp fingernails. [demonic
                  | ancestry]
 25128 | Lair:5   | Reached XP level 14. HP: 120/120 MP: 2/21
 26815 | Shoals:1 | Entered Level 1 of the Shoals
 26997 | D:10     | Entered Level 10 of the Dungeon
 26998 | D:10     | Found a hide-covered altar of Uskayaw.
 27052 | D:10     | Found a flagged portal.
 27060 | Bailey   | Entered a bailey
 27148 | Bailey   | Noticed an orc warlord
 27450 | Bailey   | Found a runed translucent gate.
 27453 | Bailey   | Found a runed translucent gate.
 27454 | Bailey   | Found a runed translucent gate.
 27638 | Bailey   | Identified the +0 helmet "Deypn" {MP+9 Str+2 Int+3}
 27686 | D:10     | Acquired an amulet of regeneration
 27750 | D:10     | Noticed Psyche
 27753 | D:10     | Killed Psyche
 27757 | D:10     | Noticed Erica
 27764 | D:10     | Killed Erica
 27987 | D:10     | Noticed Harold
 27998 | D:10     | Killed Harold
 28032 | D:10     | Noticed Amaemon
 28060 | D:10     | Killed Amaemon
 28222 | D:10     | Found a sparkling altar of Nemelex Xobeh.
 29072 | D:11     | Found a staircase to the Orcish Mines.
 29451 | D:11     | Learned a level 5 spell: Fireball
 29783 | Orc:1    | Entered Level 1 of the Orcish Mines
 29870 | Orc:1    | Reached ***** piety under Vehumet
 29870 | Orc:1    | Offered knowledge of Freezing Cloud by Vehumet.
 30093 | Orc:2    | Entered Level 2 of the Orcish Mines
 30459 | Orc:1    | Learned a level 5 spell: Freezing Cloud
 31028 | Orc:2    | Reached skill level 1 in Fire Magic
 31291 | Orc:2    | Found a staircase to the Elven Halls.
 31609 | Orc:2    | Got a decrepit book
 31714 | Orc:2    | Noticed an orc warlord
 31732 | Orc:2    | Killed an orc warlord
 32255 | Orc:2    | Found Ofiuneun's Jewellery Emporium.
 32648 | Orc:2    | Found Nuxky's Armour Shoppe.
 32656 | Orc:2    | Bought a +2 buckler of fire resistance for 301 gold pieces
 32840 | Orc:2    | Noticed Saint Roka
 33245 | Orc:2    | Killed Saint Roka
 33246 | Orc:2    | Reached skill level 1 in Shields
 33630 | Orc:2    | Gained mutation: You are surrounded by a strong repulsion
                  | field. (EV +4, RMsl) [demonic ancestry]
 33630 | Orc:2    | Reached XP level 15. HP: 124/127 MP: 22/24
 33710 | Orc:2    | Found Ujoyphuhy's Antique Weapon Emporium.
 33785 | Orc:2    | Bought a faintly glowing short sword for 192 gold pieces
 33785 | Orc:2    | Identified the +7 short sword "Rulown" {elec, *Corrode
                  | +Blink rF+ Int+3} (You bought it in a shop on level 2 of
                  | the Orcish Mines)
 33792 | Orc:2    | Found Sadwafab's Distillery.
 33955 | Orc:2    | Bought a potion of magic for 104 gold pieces
 33955 | Orc:2    | Bought a potion of heal wounds for 65 gold pieces
 33955 | Orc:2    | Bought 2 potions of curing for 78 gold pieces
 35378 | D:12     | Reached ****** piety under Vehumet
 35378 | D:12     | Offered knowledge of Eringya's Noxious Bog by Vehumet.
 36544 | D:13     | Found a frozen archway.
 36578 | IceCv    | Entered an ice cave
 37178 | IceCv    | Offered knowledge of Arcjolt by Vehumet.
 37434 | IceCv    | Found an ancient bone altar of Kikubaaqudgha.
 37447 | IceCv    | Reached skill level 15 in Fighting
 37996 | IceCv    | Got a whispering book
 38458 | D:13     | Got a yellowed book
 38633 | D:13     | Reached skill level 5 in Fire Magic
 39689 | D:14     | You fall into a shaft and drop 1 floor!
 39689 | D:15     | Entered Level 15 of the Dungeon
 40281 | D:14     | Found a gate to the Vaults.
 40401 | D:14     | Identified the +1 ring mail of Ashenzari's Pride {Harm Fly
                  | rF- rN+}
 41408 | D:15     | Reached XP level 16. HP: 137/137 MP: 26/28
 41851 | D:15     | Found a sparkling altar of Nemelex Xobeh.
 41947 | D:15     | Found a staircase to the Depths.
 41953 | D:15     | Offered knowledge of Starburst by Vehumet.
 42556 | D:15     | Reached skill level 16 in Fighting
 43084 | Elf:1    | Entered Level 1 of the Elven Halls
 43302 | Elf:1    | Paralysed by an air elemental for 1 turns
 43721 | Elf:1    | Learned a level 5 spell: Iskenderun's Battlesphere
 44083 | Elf:1    | Got an embossed book
 44148 | Elf:1    | Found Okoenomo's Weapon Shoppe.
 44196 | Elf:1    | Paralysed by an air elemental for 1 turns
 44390 | Elf:1    | Offered knowledge of Plasma Beam by Vehumet.
 44457 | Elf:1    | Reached skill level 10 in Spellcasting
 45541 | Elf:2    | Found a transporter.
 45543 | Elf:2    | Found a transporter.
 45701 | Elf:2    | Reached skill level 17 in Fighting
 45932 | Elf:2    | Gained mutation: You have very sharp fingernails. [demonic
                  | ancestry]
 45932 | Elf:2    | Reached XP level 17. HP: 147/147 MP: 3/31
 46195 | Elf:2    | Found a transporter.
 46198 | Elf:2    | Found a transporter.
 46327 | Elf:2    | Found Jauxoomest's Armour Emporium.
 46437 | Elf:2    | Found a transporter.
 46438 | Elf:2    | Found a transporter.
 46734 | Elf:2    | Found a runed translucent gate.
 46735 | Elf:2    | Found a runed translucent gate.
 46735 | Elf:2    | Found a runed translucent gate.
 47311 | Elf:2    | Noticed Agnes
 47314 | Elf:2    | Killed Agnes
 47323 | Elf:2    | Reached skill level 10 in Fire Magic
 47994 | Elf:3    | Entered Level 3 of the Elven Halls
 48357 | Elf:3    | Offered knowledge of Spellforged Servitor by Vehumet.
 48529 | Elf:3    | Identified the amulet "Kacyelot" {RegenMP Str+3}
 48540 | Elf:3    | Noticed a deep elf blademaster
 48546 | Elf:3    | Killed a deep elf blademaster
 48769 | Elf:3    | Reached skill level 18 in Fighting
 48889 | Elf:3    | Noticed Donald
 48893 | Elf:3    | Killed Donald
 49165 | Elf:3    | Identified the +3 spear "Guckape" {protect, rElec Int+3
                  | Dex+3}
 49166 | Elf:3    | Noticed a deep elf master archer
 49175 | Elf:3    | Identified the staff of Cocytus {+Blink rN+ Str+3 Earth}
 49409 | Elf:3    | Identified the ring of Nihilism {Will- rCorr Str+3 Int+6
                  | Dex+4}
 49413 | Elf:3    | Identified the +11 battleaxe of Liocsao {flame, rF+ Int-4
                  | Dex+3}
 49414 | Elf:3    | Identified the +1 spear "Conservator" {protect, *Rage rPois
                  | rN++ Stlth+}
 49415 | Elf:3    | Noticed a deep elf blademaster
 49417 | Elf:3    | Reached skill level 5 in Shields
 49421 | Elf:3    | Killed a deep elf blademaster
 49596 | Elf:3    | Found Duys's Weapon Boutique.
 49762 | Elf:3    | Reached XP level 18. HP: 157/157 MP: 19/34
 50141 | Elf:3    | Got a decrepit book
 50182 | Elf:3    | Got a shiny book
 50450 | Elf:3    | Got an inconspicuous book
 50453 | Elf:3    | Identified the +0 helmet "Mouneish" {Fly Will++ rCorr MP-9}
 50509 | Elf:3    | Got a colourful book
 50573 | Elf:3    | Learned a level 8 spell: Ignition
 51577 | Shoals:1 | You are sucked into a shaft and drop 1 floor!
 53459 | Shoals:3 | Noticed Ilsuiw
 54077 | Shoals:3 | Noticed Roxanne
 54428 | Shoals:3 | Noticed Nikola
 54445 | Shoals:3 | Killed Nikola
 54696 | Shoals:3 | Noticed Bai Suzhen
 54879 | Shoals:3 | Killed Bai Suzhen
 54879 | Shoals:3 | Offered knowledge of Maxwell's Capacitive Coupling by
                  | Vehumet.
 55039 | Shoals:3 | Killed Ilsuiw
 55434 | Shoals:4 | Entered Level 4 of the Shoals
 55779 | Shoals:4 | Identified the +2 halberd of Prudence {heavy, rPois rN+
                  | rCorr Int-2}
 56777 | Shoals:4 | Identified the +2 flail of the Final Decision {freeze, rC+
                  | Will+ Dex+3}
 57120 | Shoals:4 | Reached skill level 10 in Shields
 57121 | Shoals:4 | Reached XP level 19. HP: 155/163 MP: 35/35
 57126 | Shoals:4 | Offered knowledge of Lehudib's Crystal Spear by Vehumet.
 57126 | Shoals:4 | Offered knowledge of Maxwell's Capacitive Coupling by
                  | Vehumet.
 57137 | Shoals:4 | Got a barnacled rune of Zot
 57209 | Shoals:4 | Identified the +6 quarterstaff of the Special Olives
                  | {venom, Int+3 SInv}
 57495 | Snake:1  | Entered Level 1 of the Snake Pit
 58927 | Snake:2  | Noticed Aizul
 58933 | Snake:2  | Killed Aizul
 59362 | Snake:2  | Noticed Frances
 59598 | Snake:2  | Identified the +0 robe of the Weaver {rN++ Int-5}
 60305 | Snake:2  | Killed Frances
 60537 | Snake:3  | Found Zielorgh's Tiny Tomes.
 61382 | Snake:3  | Found Nuosuomi's Magic Scroll Shop.
 61421 | Snake:3  | Found Umuyrch's General Store.
 61421 | Snake:3  | Found Riureu's Distillery.
 61426 | Snake:3  | Found Wiefikipp's Weapon Boutique.
 61584 | Snake:4  | Entered Level 4 of the Snake Pit
 61745 | Snake:4  | Reached skill level 15 in Fire Magic
 64202 | Snake:4  | Got a serpentine rune of Zot
 64329 | Snake:4  | Found the +3 greatsling "Punk" {acid, rCorr}
 64664 | Depths:1 | Entered Level 1 of the Depths
 64858 | Depths:1 | Reached XP level 20. HP: 170/170 MP: 36/36
 65434 | Depths:1 | Noticed Sojobo
 65449 | Depths:1 | Paralysed by an air elemental for 1 turns
 65452 | Depths:1 | Paralysed by an air elemental for 1 turns
 65459 | Depths:1 | Paralysed by an air elemental for 1 turns
 65462 | Depths:1 | Paralysed by an air elemental for 1 turns
 65465 | Depths:1 | Paralysed by an air elemental for 1 turns
 65468 | Depths:1 | Paralysed by an air elemental for 1 turns
 65618 | Depths:1 | Killed Sojobo
 65981 | Depths:1 | Found a one-way gateway to a ziggurat.
 66006 | Depths:1 | Found Abiamiho's Jewellery Boutique.
 66048 | Depths:1 | Found Ixzucrul's Book Shoppe.
 66049 | Depths:1 | Found Uprief's Jewellery Boutique.
 66059 | Depths:1 | Bought the amulet "Ofeih" {rElec rF++ Regen+ rCorr Str+4}
                  | for 1208 gold pieces
 66129 | Depths:1 | Found a gateway to Hell.
 66754 | Depths:1 | Found a bloodstained altar of Trog.
 67431 | Depths:2 | You are sucked into a shaft and drop 1 floor!
 68363 | Depths:3 | HP: 2/170 [spriggan defender/+0 lajatang of speed (29)]
 68365 | Depths:3 | Slain by a spriggan defender

Illustrated notes

Levels and vault maps discovered:
D:1:      dpeg_arrival_tiny_b, layout_loops_ring, serial_forest,
          infiniplex_forest_straight_5, infiniplex_forest_straight_5,
          infiniplex_forest_lined_room_, infiniplex_forest_lined_3,
          infiniplex_forest_straight_5, infiniplex_forest_lined_room_,
          serial_shops, nicolae_shop_bloodbath_and_beyond
D:2:      layout_basic
D:3:      layout_loops_ring, gup_sewer_entry_pipe, small_statue_intersection,
          minmay_misc_feat_pillars, minmay_hedge_maze, grunt_decor_fettered
D:4:      layout_loops_ring, kennysheep_mini_moat, nicolae_gozag_seed_capital,
          serial_undead, serial_undead_f, serial_undead_f, serial_undead_a,
          serial_undead_a
D:5:      layout_rooms, grunt_dithmenos_shadows, chequers_avenue,
          uniq_blork_the_orc, uniq_duvessa
D:6:      layout_basic, gammafunk_temple_overflow_claw
D:7:      layout_basic, minmay_temple_entry_overgrown
D:8:      layout_loops_ring, grunt_temple_overflow_holy_war, lair_entry_dummy
D:9:      layout_stronghold, lemuel_crystal_altar, lightli_wizard_tower
D:10:     layout_stronghold, grunt_temple_overflow_open, enter_bailey_3,
          hangedman_decor_riveting, uniq_erica, uniq_amaemon, uniq_psyche,
          uniq_harold
D:11:     nrook_guardian_serpent_snake_passage, layout_irregular_city,
          david_orc_3
D:12:     layout_roguey
D:13:     layout_irregular_city, portal_ice_cave_entry_imps,
          amcnicky_mini_corridor_feature
D:14:     layout_long_grid, david_vaults_5, chequers_serial_rivers_small_b
D:15:     gammafunk_depths_entry_grave, layout_loops_corners,
          nemelex_diamond_rough_becter
Temple:   hellmonk_temple_of_storms
Lair:1:   layout_misc_corridors, st_stairs_7
Lair:2:   beast_lair_carwin_large_3, layout_regular_city,
          minmay_snake_entry_guardpost_small, lemuel_fruit_fields,
          infiniplex_staircase_pool, uniq_nergalle
Lair:3:   layout_regular_city, shoals_dummy_entry, uniq_josephine
Lair:4:   layout_regular_city, nicolae_slime_entry_field_trip, basic_altar,
          beast_lair_carwin_9
Lair:5:   hangedman_lair_tendril_chambers, layout_gridlike, roderic_batcave,
          infiniplex_staircase_pool_2
Shoals:1: layout_shoals, nicolae_shoals_kraken_intersection
Shoals:2: layout_shoals, kb_tengu_band
Shoals:3: nzn_motion_control, layout_shoals, uniq_nikola, uniq_bai_suzhen,
          uniq_ilsuiw, uniq_roxanne
Shoals:4: shoals_end_simple, layout_shoals, nicolae_shoals_bring_sunscreen
Snake:1:  layout_onion, grunt_megastairs_5, nicolae_triple_integral
Snake:2:  minmay_snake_river, layout_rooms, uniq_aizul, uniq_frances
Snake:3:  layout_cave_town, nicolae_shop_i_like_small_books_too,
          minmay_shoptagon
Snake:4:  grunt_snake_rune_serpentine_throne, layout_cave_town
Orc:1:    minmay_goldmine, layout_diamond_mine
Orc:2:    pubby_orc_utopia, uniq_saint_roka
Elf:1:    minmay_elf_arrival_summoners, layout_geoelf_grid, serial_shops, shop,
          minmay_elf_annihilation, onia_ninara_cookie
Elf:2:    nicolae_elf_blades_crystal_corner, layout_onion_city,
          nicolae_take_the_stairs, st_stairs_1, hangedman_elf_targeted_burst,
          serial_nicolae_subway, nicolae_sub_station_crystal,
          nicolae_sub_station_metal, nicolae_sub_station_stone, uniq_agnes
Elf:3:    grunt_elf_hall_diamonds, layout_loops_corners, serial_shops,
          nicolae_shop_window_shopping, uniq_donald
Depths:1: layout_honeycomb, enter_ziggurat_f, nicolae_tso_carved_into_rock,
          hangedman_coc_ice_floe, bloody_trog, minmay_shop_grove, uniq_sojobo
Depths:2: pf_snail_temple, layout_basic, grunt_pan_entry_sceptre,
          nicolae_kite_square_tiling_tiny, hell_entry, serial_bayou_shore_a,
          serial_bayou_shore_b, minmay_staircase_bubble, uniq_vv
Depths:3: nzn_winding_woodlands_stair_trap
          [nzn_winding_woodlands_5x15_sidewinder,
          nzn_winding_woodlands_5x15_concentric,
          nzn_winding_woodlands_5x15_split_checker,
          nzn_winding_woodlands_15x15_boxy_spiral,
          nzn_winding_woodlands_5x15_river_crossing,
          nzn_winding_woodlands_5x15_twine, nzn_winding_woodlands_5x15_zeroes],
          layout_cave_pools, grunt_mini_vestibule, kennysheep_nondescript,
          abyss_entry_small_statue_room, minmay_microvault,
          minmay_staircase_windowed_large

Skill      XL: |  1  2  3  4  5  6  7  8  9 10 11 12 13 14 15 16 17 18 19 20 |
---------------+-------------------------------------------------------------+-----
Spellcasting   | 3 4 5 6 8 10 12 | 12.0
Conjurations   | 5 6 7 8 10 11 12 | 12.0
Fighting       | 2 4 7 9 11 13 14 15 17 18 | 18.0
Hexes          | 2 4 6 |  6.0
Dodging        | 3 5 6 |  6.0
Armour         | 2 5 6 |  6.0
Ice Magic      | 2 5 9 12 14 | 14.0
Fire Magic     | 2 6 9 11 13 15 17 | 17.2
Shields        | 1 4 5 10 12 14 | 14.4
Stealth        | |  1.7

Action                     |  1- 3 |  4- 6 |  7- 9 | 10-12 | 13-15 | 16-18 | 19-21 || total
---------------------------+-------+-------+-------+-------+-------+-------+-------++-------
  Melee: Hand axe          |    27 |       |       |       |       |       |       ||    27
         Great mace        |    17 |       |       |       |       |       |       ||    17
         Spear             |       |    93 |    35 |   188 |   264 |       |       ||   580
         Punch             |       |     1 |       |     4 |     5 |       |       ||    10
         Staff             |       |       |       |       |   136 |    35 |    20 ||   191
         Short sword       |       |       |       |       |       |       |    35 ||    35
   Cast: Magic Dart        |    78 |    85 |   127 |   214 |   382 |    20 |     3 ||   909
         Searing Ray       |       |     4 |    33 |   105 |   137 |    57 |    15 ||   351
         Fulminant Prism   |       |       |     3 |    69 |    64 |       |       ||   136
         Ozocubu's Refrige |       |       |       |       |   153 |    84 |    97 ||   334
         Freezing Cloud    |       |       |       |       |    36 |     1 |       ||    37
         Fireball          |       |       |       |       |   167 |   456 |   343 ||   966
         Iskenderun's Batt |       |       |       |       |       |    33 |    14 ||    47
         Ignition          |       |       |       |       |       |       |    36 ||    36
  Evoke: Wand              |       |       |       |     9 |     3 |    16 |       ||    28
    Use: Potion            |       |     1 |       |     2 |     5 |     4 |     6 ||    18
         Scroll            |       |       |    18 |     5 |    13 |     5 |     2 ||    43
   Stab: Sleeping          |       |       |     1 |       |       |       |       ||     1
 Armour: Robe              |    20 |    56 |    60 |   344 |   595 |   178 |   177 ||  1430
  Dodge: Dodged            |    54 |    47 |    53 |   377 |   639 |   146 |   127 ||  1443
         Repelled          |       |       |       |       |     1 |    13 |    13 ||    27
  Block: Other             |       |    10 |    37 |   258 |   358 |       |       ||   663
         Reflection        |       |       |     3 |     3 |     4 |       |       ||    10
         Buckler           |       |       |       |       |   136 |   125 |   155 ||   416

Table legend: (Time is in decaauts)
 A = Elapsed time spent in this place.
 B = Non-inter-level travel time spent in this place.
 C = Inter-level travel time spent in this place.
 D = Time resting spent in this place.
 E = Time spent auto-exploring this place.
 F = Levels seen in this place.
 G = Mean time per level.
                   A        B        C        D        E       F      G
               +--------+--------+--------+--------+--------+-----+--------+
         Total |  68630 |  64825 |   3805 |   3322 |  51875 |  40 | 1715.8 |
       Dungeon |  20399 |  18913 |   1486 |    463 |  16127 |  15 | 1359.9 |
        Temple |      1 |      1 |      0 |      0 |      0 |   1 |    1.0 |
          Lair |  15380 |  14347 |   1033 |   1338 |  10270 |   5 | 3076.0 |
        Shoals |   6458 |   6217 |    241 |    729 |   4797 |   4 | 1614.5 |
     Snake Pit |   6948 |   6686 |    262 |    265 |   5688 |   4 | 1737.0 |
  Orcish Mines |   5722 |   5392 |    330 |    136 |   4481 |   2 | 2861.0 |
   Elven Halls |   7553 |   7337 |    216 |    247 |   5964 |   3 | 2517.7 |
        Depths |   3508 |   3272 |    236 |    144 |   2545 |   3 | 1169.3 |
         Sewer |    473 |    473 |      0 |      0 |    396 |   1 |  473.0 |
        Bailey |    616 |    616 |      0 |      0 |    432 |   1 |  616.0 |
      Ice Cave |   1568 |   1568 |      0 |      0 |   1172 |   1 | 1568.0 |
               +--------+--------+--------+--------+--------+-----+--------+

Top non-repeatable levels by time:
   Orc:2: 4333 daAuts
  Lair:4: 3715 daAuts
  Lair:1: 3505 daAuts
  Lair:5: 3050 daAuts
  Lair:2: 2868 daAuts
 Snake:4: 2791 daAuts
   Elf:2: 2683 daAuts
   Elf:3: 2612 daAuts
Depths:1: 2423 daAuts
    D:15: 2271 daAuts
   Elf:1: 2257 daAuts
  Lair:3: 2240 daAuts
Shoals:2: 1958 daAuts
 Snake:1: 1951 daAuts
Shoals:4: 1877 daAuts
